AoeStats
← lum3n

Arabia

506397468Analyzed
1v1 RM · 19d ago on Sep 13, 2026· 25m 56s· 2 players
Game mode
Random Map
Map size
Tiny (2 player)
Population
200
Speed
Normal
Resources
Standard
Victory
Conquest
Starting age
Dark Age
Ending age
Imperial Age
RankedLock teamsTeams togetherTeam positionsShared explorationLock speedFull tech treeHidden civsTurbo modeCheats
Victory
Defeat
🇺🇸 Magyars · United States
1191
+16
🇧🇷 Burgundians · Brazil
1183
-16
Thiago89FJ
5:31 Double-Bit Axe
6:24 Loom
9:35 Feudal Age
9:11 Horse Collar
20:58 Castle Age
20:44 Scale Barding Armor
20:49 Forging
21:42 Husbandry
22:33 Chain Barding Armor
23:55 Padded Archer Armor
23:45 Fletching
lum3n
6:26 Loom
8:48 Feudal Age
9:39 Double-Bit Axe
16:53 Fletching
19:31 Castle Age
18:03 Fletching
19:35 Padded Archer Armor
19:51 Bloodlines
21:14 Bow Saw
21:50 Bodkin Arrow
24:08 Thumb Ring
25:16 Padded Archer Armor
Connection lost

Rejoining the realm…

Still unreachable

The connection could not be restored.

Session expired

The server has moved on; the page needs a fresh start.